 Dungeon Crawl Stone Soup version 0.31-a0-640-g39d97e502b (webtiles) character file.

Game seed: 1464739513362758177

2121 inmateoo the Nimble (level 9, -2/62 (65) HPs)
             Began as a Gnoll Wanderer on Aug 27, 2023.
             Slain by a wight
             ... wielding a +2 long sword
              (12 damage)
             ... on level 7 of the Dungeon.
             The game lasted 00:05:38 (4005 turns).

inmateoo the Nimble (Gnoll Wanderer)                Turns: 4005, Time: 00:05:39

HP:   -2/62 (65)    AC: 16    Str: 14    XL:     9   Next: 29%
MP:   16/16         EV: 10    Int:  9    God:
Gold: 208           SH:  5    Dex: 16    Spells: 18/18 levels left

rFire   . . .        E - +5 flail
rCold   + + .        (no shield)
rNeg    . . .        i - +1 chain mail {rC+}
rPois   .            (no helmet)
rElec   .            c - +0 cloak
rCorr   .            x - +0 pair of gloves
SInv    .            (no boots)
Will    .....        l - amulet of reflection Stlth
                     h - +4 ring of protection
HPRegen 0.30/turn    F - ring of protection from cold
MPRegen 0.15/turn

%: reflection
@: lightly drained
A: fangs 1, strong nose, distributed training
a: no special abilities


You were on level 7 of the Dungeon.
You visited 1 branch of the dungeon, and saw 7 of its levels.

You collected 208 gold pieces.

Inventory:

Hand Weapons
 a - a +2 quarterstaff
 E - a +5 flail (weapon)
Missiles
 n - 2 boomerangs (quivered)
 v - 4 poisoned darts
Armour
 c - a +0 cloak (worn)
 i - a +1 chain mail of cold resistance (worn)
 x - a +0 pair of gloves (worn)
Jewellery
 h - a +4 ring of protection (left hand)
 l - an amulet of reflection (around neck)
 F - a ring of protection from cold (right hand)
Talismans
 f - a flux talisman
 A - a beast talisman
Wands
 B - a wand of paralysis (7)
Scrolls
 b - 3 scrolls of enchant armour {unknown}
 d - a scroll of fog
 e - 2 scrolls of noise {unknown}
 g - a scroll of acquirement {unknown}
 k - a scroll of torment {unknown}
 o - a scroll of enchant weapon {unknown}
 q - a scroll of vulnerability {unknown}
 r - 3 scrolls of fear {unknown}
 t - 2 scrolls of poison {unknown}
 w - 2 scrolls of revelation {unknown}
 y - 3 scrolls of identify {unknown}
 C - a scroll of blinking {unknown}
 D - 2 scrolls of teleportation {unknown}
Potions
 j - 2 potions of curing
 m - a potion of enlightenment {unknown}
 p - 3 potions of haste {unknown}
 s - 2 potions of heal wounds {unknown}
 u - a potion of might {unknown}
 z - a potion of ambrosia {unknown}
 G - a potion of mutation {unknown}


   Skills:
 + Level 4.1 Fighting
 + Level 6.2 Short Blades
 + Level 4.1 Long Blades
 + Level 4.1 Axes
 + Level 4.1 Maces & Flails
 + Level 4.1 Polearms
 + Level 6.2 Staves
 + Level 4.1 Ranged Weapons
 + Level 4.1 Throwing
 + Level 4.1 Armour
 + Level 9.5 Dodging
 + Level 4.1 Stealth
 + Level 4.1 Shields
 + Level 4.1 Unarmed Combat
 + Level 5.1 Spellcasting
 + Level 3.4 Conjurations
 + Level 3.4 Hexes
 + Level 3.4 Summonings
 + Level 3.4 Necromancy
 + Level 3.4 Translocations
 + Level 3.4 Transmutations
 + Level 3.4 Fire Magic
 + Level 3.4 Ice Magic
 + Level 3.4 Air Magic
 + Level 3.4 Earth Magic
 + Level 3.4 Poison Magic
 + Level 5.3 Invocations
 + Level 4.1 Evocations
 + Level 3.8 Shapeshifting


You had 18 spell levels left.
You didn't know any spells.
Your spell library contained the following spells:

 Spells                   Type           Power      Damage    Failure   Level
 Magic Dart               Conj           32%        1d4       65%         1
 Searing Ray              Conj           16%        2d5       80%         2
 Inner Flame              Hex/Fire       8%         N/A       95%         3
 Flame Wave               Conj/Fire      8%         2d5       100%        4
 Fulminant Prism          Conj/Hex       4%         3d5       100%        4
 Sticky Flame             Conj/Fire      8%         2d3       100%        4


Dungeon Overview and Level Annotations

Branches:
Dungeon (7/15)
 Temple: D:4-7

Altars:
Uskayaw


Innate Abilities, Weirdness & Mutations

You have very sharp teeth.
Your uncanny sense of smell can sniff out nearby items.
Your experience applies equally to all skills.


Message History

The wight is severely damaged.
You block the wight's attack. The wight closely misses you.
An iguana comes into view.
You are too injured to fight recklessly!
The iguana hisses angrily.
You barely miss the wight.
The wight is severely damaged.
The wight hits you but does no damage. The iguana barely misses you.
You barely miss the iguana. Your bite misses the iguana.
The wight hits you but does no damage. The wight barely misses you.
The iguana bites you but does no damage.
You closely miss the iguana.
The wight hits you from afar with a +0 trident.
You feel drained. The wight barely misses you. The iguana bites you!
* * * LOW HITPOINT WARNING * * *
You hit the iguana. Your bite misses the iguana.
The iguana is lightly wounded.
The wight completely misses you. The wight closely misses you.
The iguana bites you but does no damage.
The wight barely misses you.
The wight hits you from afar with a +0 trident!
* * * LOW HITPOINT WARNING * * *
You block the iguana's attack.
Press: ? - help, v - describe, . - travel
Here: a wight, wielding a +2 long sword and wearing a +0 robe (severely damaged)
The floor, spattered with blood.
Unknown command.
Sorry, you're not good enough to have a special ability.
Okay, then.
The iguana attacks as it pursues you! The iguana misses you.
The wight attacks as it pursues you! The wight barely misses you.
The iguana hisses menacingly.
The wight attacks as it pursues you! The wight misses you.
The wight attacks as it pursues you!
The wight hits you with a +2 long sword.
* * * LOW HITPOINT WARNING * * *
You see here a +0 flail.
There is a stone staircase leading up here.
The wight hits you with a +2 long sword!
You die...

####................#
###
+....######.#zo..# #
## #....######.#....#
..
...............#####
.#..##########..#
...#.......##..#
...##.#.#####[.z..#
........[[[).)l...##
...#.#.####@z.....#
#>.........#.#.#
...........#.#.#.#
..#.####.##....#.#.#
# .............# .#
.####..... .# ......
.# #.....


You could see an iguana and 2 wights.

Vanquished Creatures
  2 ice beasts
  2 sky beasts
  2 ogres
  2 phantoms
  4 scorpions
  12 wights
  3 hounds (D:5)
  An orc priest (D:6)
  5 iguanas
  7 orc wizards
  7 adders
  3 gnolls
  A white imp (D:5)
  3 ufetubi
  A dart slug (D:1)
  13 orcs
  3 endoplasms
  A goblin (D:4)
  3 hobgoblins
  2 ball pythons (D:1)
  2 bats (D:2)
  2 frilled lizards
  5 kobolds
  A rat (D:3)
87 creatures vanquished.

Notes
Turn   | Place    | Note
-------+----------+-------------------------------------------
     0 | D:1      | inmateoo the Gnoll Wanderer began the quest for the Orb.
     0 | D:1      | inmateoo set off with the following items: a +2
                  | quarterstaff, a +0 short sword, a +0 cloak, a scroll of
                  | fog, a +0 leather armour.
     0 | D:1      | Reached XP level 1. HP: 13/13 MP: 4/4
   218 | D:2      | Reached XP level 2. HP: 19/19 MP: 5/5
   415 | D:2      | Reached XP level 3. HP: 19/25 MP: 7/7
   536 | D:3      | Reached skill level 1 in Fighting
   536 | D:3      | Reached skill level 1 in Long Blades
   536 | D:3      | Reached skill level 1 in Axes
   536 | D:3      | Reached skill level 1 in Maces & Flails
   536 | D:3      | Reached skill level 1 in Polearms
   536 | D:3      | Reached skill level 1 in Ranged Weapons
   536 | D:3      | Reached skill level 1 in Throwing
   536 | D:3      | Reached skill level 1 in Armour
   536 | D:3      | Reached skill level 1 in Stealth
   536 | D:3      | Reached skill level 1 in Shields
   536 | D:3      | Reached skill level 1 in Unarmed Combat
   536 | D:3      | Reached skill level 1 in Evocations
   568 | D:3      | Reached skill level 1 in Shapeshifting
   568 | D:3      | Reached XP level 4. HP: 29/32 MP: 8/8
   638 | D:4      | Noticed a scorpion
   659 | D:4      | Killed a scorpion
   660 | D:4      | Reached skill level 1 in Conjurations
   660 | D:4      | Reached skill level 1 in Hexes
   660 | D:4      | Reached skill level 1 in Summonings
   660 | D:4      | Reached skill level 1 in Necromancy
   660 | D:4      | Reached skill level 1 in Translocations
   660 | D:4      | Reached skill level 1 in Transmutations
   660 | D:4      | Reached skill level 1 in Fire Magic
   660 | D:4      | Reached skill level 1 in Ice Magic
   660 | D:4      | Reached skill level 1 in Air Magic
   660 | D:4      | Reached skill level 1 in Earth Magic
   660 | D:4      | Reached skill level 1 in Poison Magic
   660 | D:4      | Reached XP level 5. HP: 18/37 MP: 9/9
   818 | D:4      | Reached XP level 6. HP: 44/44 MP: 9/11
  1146 | D:4      | Reached skill level 5 in Short Blades
  1146 | D:4      | Reached skill level 5 in Staves
  1311 | D:4      | Found a hide-covered altar of Uskayaw.
  1662 | D:5      | Entered Level 5 of the Dungeon
  1865 | D:5      | Reached XP level 7. HP: 30/51 MP: 12/12
  2305 | D:5      | Reached skill level 9 in Dodging
  2603 | D:6      | Reached XP level 8. HP: 57/57 MP: 14/14
  3276 | D:6      | Reached skill level 5 in Invocations
  3278 | D:6      | Reached XP level 9. HP: 41/65 MP: 16/16
  3723 | D:7      | Reached skill level 5 in Spellcasting
  4005 | D:7      | Slain by a wight

Illustrated notes

Levels and vault maps discovered:
D:1:      lemuel_arrival_cross, layout_basic,
          hellmonk_ecumenical_altar_dog_temple, solitary_fountain
D:2:      layout_loops_ring
D:3:      layout_basic, grunt_temple_overflow_champion_of_chaos,
          riverfiend_overflow_shadow_ancestor, nicolae_overflow_two_pavilions,
          gammafunk_ghost_cemetery, serial_bayou_lagoon_a, uniq_sigmund
D:4:      layout_basic, mainiacjoe_overflow_alcove_2
D:5:      layout_loops_ring
D:6:      layout_basic, chequers_serial_rivers_micro_a
D:7:      layout_basic, minmay_temple_entry_offerings, roderic_batcave,
          nicolae_concentric_dashed_squares_mild

Skill      XL: |  1  2  3  4  5  6  7  8  9 |
---------------+----------------------------+-----
Fighting       | 1 2 3 4 |  4.1
Long Blades    | 1 2 3 4 |  4.1
Axes           | 1 2 3 4 |  4.1
Maces & Flails | 1 2 3 4 |  4.1
Polearms       | 1 2 3 4 |  4.1
Ranged Weapons | 1 2 3 4 |  4.1
Throwing       | 1 2 3 4 |  4.1
Armour         | 1 2 3 4 |  4.1
Stealth        | 1 2 3 4 |  4.1
Shields        | 1 2 3 4 |  4.1
Unarmed Combat | 1 2 3 4 |  4.1
Evocations     | 1 2 3 4 |  4.1
Shapeshifting  | 1 2 3 |  3.8
Spellcasting   | 3 4 5 |  5.1
Conjurations   | 1 2 3 |  3.4
Hexes          | 1 2 3 |  3.4
Summonings     | 1 2 3 |  3.4
Necromancy     | 1 2 3 |  3.4
Translocations | 1 2 3 |  3.4
Transmutations | 1 2 3 |  3.4
Fire Magic     | 1 2 3 |  3.4
Ice Magic      | 1 2 3 |  3.4
Air Magic      | 1 2 3 |  3.4
Earth Magic    | 1 2 3 |  3.4
Poison Magic   | 1 2 3 |  3.4
Invocations    | 3 4 5 |  5.3
Short Blades   | 5 6 |  6.2
Staves         | 5 6 |  6.2
Dodging        | 9 |  9.5

Action                     |  1- 3 |  4- 6 |  7- 9 || total
---------------------------+-------+-------+-------++-------
  Melee: Quarterstaff      |    45 |    79 |   120 ||   244
         Bite              |     1 |     6 |    17 ||    24
         Flail             |       |       |   126 ||   126
         Punch             |       |       |     2 ||     2
  Throw: Boomerang         |       |     4 |     2 ||     6
    Use: Potion            |       |     1 |       ||     1
   Stab: Sleeping          |     1 |       |       ||     1
 Armour: Leather armour    |     9 |       |       ||     9
         Chain mail        |    16 |    38 |   146 ||   200
  Dodge: Dodged            |    35 |    31 |   114 ||   180
  Block: Other             |       |     6 |    60 ||    66

Table legend: (Time is in decaauts)
 A = Elapsed time spent in this place.
 B = Non-inter-level travel time spent in this place.
 C = Inter-level travel time spent in this place.
 D = Time resting spent in this place.
 E = Time spent auto-exploring this place.
 F = Levels seen in this place.
 G = Mean time per level.
                   A        B        C        D        E       F      G
               +--------+--------+--------+--------+--------+-----+--------+
         Total |   4049 |   3853 |    196 |    868 |   1729 |   7 |  578.4 |
       Dungeon |   4049 |   3853 |    196 |    868 |   1729 |   7 |  578.4 |
               +--------+--------+--------+--------+--------+-----+--------+

Top non-repeatable levels by time:
     D:6: 1107 daAuts
     D:4: 1072 daAuts
     D:5: 970 daAuts
     D:7: 299 daAuts
     D:2: 253 daAuts
     D:1: 215 daAuts
     D:3: 129 daAuts
